[Event "Late-Titled-Tuesday-Blitz-April-16-2024"]
[Site "Chess.com"]
[Date "2024.04.16"]
[Round "4"]
[White "PapaieDudu"]
[Black "Sjakkerntobi"]
[Result "0-1"]
[WhiteElo "2333"]
[BlackElo "2511"]
[TimeControl "180+1"]
[EndTime "14:37:41 PDT"]
[Termination "Sjakkerntobi won on time"]

1. Nf3 d5 2. d4 e6 3. c4 c6 4. Nc3 dxc4 5. a4 Bb4 6. e3 b5 7.
Be2 Nf6 8. O-O Bxc3 9. bxc3 O-O 10. Ba3 Re8 11. Ne5 Bb7 12. Bf3 Nd5 13. Qd2 Nd7 14. Ng4 a6 15. e4 N5b6 16. a5 Na4 17. e5 h5 18. Ne3 Nxe5 19. Bxh5 c5 20. f4 cxd4 21.
fxe5 dxe3 22. Bxf7+ Kh8 23. Qxe3 Qd3 24. Qg5 Red8 25. Rf4 Qe3+ 26. Kh1 Bxg2+ 27. Kxg2 Qe2+ 28. Kh1 Rd1+ 29. Rxd1 Qxd1+ 30. Kg2 Qe2+ 31. Kg3 Qe1+ 32. Kh3 Qe3+ 33. Kg2 Qe2+ 34. Rf2 Qe4+ 35. Kg3 Nxc3 36. Bc1 Qh7 37. Kg2 Ne4 38. Qf4 Nxf2 0-1

[Event "Late-Titled-Tuesday-Blitz-April-16-2024"]
[Site "Chess.com"]
[Date "2024.04.16"]
[Round "4"]
[White "oskariot"]
[Black "crazy_but_lazy"]
[Result "1-0"]
[WhiteElo "2738"]
[BlackElo "2537"]
[TimeControl "180+1"]
[EndTime "14:37:43 PDT"]
[Termination "oskariot won by resignation"]

1. e4 c5 2. Nf3 Nc6 3. b4 cxb4 4. d4 d5 5. exd5 Qxd5 6. c4 bxc3 7. Nxc3 Qa5 8. Rb1 e6 9. Bd2 Nf6 10. Ne4 Qd8 11.
Nxf6+ gxf6 12. Bb5 Rg8 13. O-O Qd5 14. Be3 a6 15.
Ba4 b5 16. Bb3 Qh5 17. d5 Ne5 18. dxe6 Bxe6 19. Nxe5 Qxd1 20. Rfxd1 Bxb3 21. Nd7 O-O-O 22. Nb6+ Kc7 23. Rxd8 Kxd8 24. Rxb3 Bd6 25. g3 Kc7 26. Rc3+ Kb7 27. Rd3 Kc6 28. Rc3+ Kb7 29. Nd5 Rg4 30. Nxf6 Ra4 31. Rc2 b4 32. Ne4 Be7 33. Nd2 Ra3 34. Kg2 a5 35. Nc4 Ra4 36. h4 Ka6 37. Kf3 Kb5 38.
h5 b3 39. axb3 Rb4 40. Nd2 a4 41. bxa4+ Rxa4 42. Rc7 1-0

[Event "Late-Titled-Tuesday-Blitz-April-16-2024"]
[Site "Chess.com"]
[Date "2024.04.16"]
[Round "4"]
[White "albayo"]
[Black "kalxandria"]
[Result "1/2-1/2"]
[WhiteElo "2529"]
[BlackElo "2231"]
[TimeControl "180+1"]
[EndTime "14:37:44 PDT"]
[Termination "Game drawn by repetition"]

1. Nf3 Nf6 2. c4 e6 3. g3 d5 4. Bg2 Be7 5. O-O O-O 6. d4 c6 7. Qc2 b6 8. Nbd2 Bb7 9. e4 Nbd7 10. e5 Ne8 11. b3 Rc8 12. Bb2 c5 13. dxc5 Nxc5 14.
Rad1 Qc7 15. Nd4 dxc4 16. Bxb7 Qxb7 17. Nxc4 b5 18. Nd6 Bxd6 19. exd6 Na4 20. Qb1 Nxb2 21. Qxb2 Nxd6 22. Nxe6 fxe6 23. Rxd6 Rf6 24. Qd4 Rcf8 25. Rd7 Qa6 26. Rxa7 Qc6 27. Qd7 Qxd7 28. Rxd7 Ra8 29.
Ra1 e5 30. a4 bxa4 31. bxa4 Rfa6 32. Rb1 Rxa4 33. Rbb7 Rg4 34. Kg2 e4 35. h3 Rg6 36.
Re7 h6 37. Rxe4 Ra2 38. Ree7 Kh8 39. h4 Rf6 40. Rxg7 Rfxf2+ 41. Kh3 h5 42. Rh7+ Kg8 43. Rxh5 Rh2+ 44. Kg4 Ra4+ 45. Kf3 Ra3+ 46. Kf4 Ra4+ 47. Kg5 Rg2 48. Rb3 Kg7 49. Rb7+ Kg8 50. Rb8+ Kg7 51.
Rb7+ Kg8 1/2-1/2

[Event "Late-Titled-Tuesday-Blitz-April-16-2024"]
[Site "Chess.com"]
[Date "2024.04.16"]
[Round "4"]
[White "KaydenTroffChess"]
[Black "Glidzhian_Gor"]
[Result "1-0"]
[WhiteElo "2868"]
[BlackElo "2590"]
[TimeControl "180+1"]
[EndTime "14:37:45 PDT"]
[Termination "KaydenTroffChess won by resignation"]

1. d4 Nf6 2. Nf3 c5 3. dxc5 e6 4. Be3 Na6 5. g3 Bxc5 6. Bxc5 Nxc5 7. Bg2 d5 8. O-O O-O 9. c4 b6 10. Nc3 Bb7 11. Ne5 Rb8 12. b4 Qc7 13. Qd4 Nce4 14. Nb5 Qe7 15. Nxa7 Qxb4 16. Nac6 Bxc6 17. Nxc6 Qxc4 18.
Qxc4 dxc4 19. Nxb8 Rxb8 20. Rfc1 Nd6 21. Rab1 Kf8 22.
a4 Nd7 23. Bc6 Nc5 24. a5 b5 25. Bxb5 Rxb5 26. Rxb5 Nxb5 27. Rxc4 Na6 28. Rc6 Nbc7 29. e4 Ke7 30. e5 f6 31. f4 Kd7 32. Rd6+ Ke7 33. Kf2 Nc5 34. Rc6 N7a6 35. Ke3 Kd7 36. Rd6+ Ke7 37. Rb6 fxe5 38. fxe5 Kd7 39. Kd4 Kc7 40.
Kc4 g5 41. Kb5 h5 42. Rc6+ Kb7 43. Rxc5 Nxc5 44. Kxc5 Kc7 45. a6 1-0

[Event "Late-Titled-Tuesday-Blitz-April-16-2024"]
[Site "Chess.com"]
[Date "2024.04.16"]
[Round "4"]
[White "Godzillator"]
[Black "N_Mullodzhanov"]
[Result "0-1"]
[WhiteElo "2372"]
[BlackElo "2533"]
[TimeControl "180+1"]
[EndTime "14:37:45 PDT"]
[Termination "N_Mullodzhanov won by checkmate"]

1. c4 e5 2. d3 Nf6 3. Nf3 Nc6 4.
g3 Bc5 5. Bg2 O-O 6. O-O d5 7.
cxd5 Nxd5 8. Nc3 Nf6 9. Bg5 Be7 10. Rc1 h6 11. Bd2 Be6 12. a3 Re8 13. Na4 Bd5 14.
Nc5 b6 15. Na4 Nd4 16. Nxd4 exd4 17. b4 Bxg2 18. Kxg2 Qd5+ 19. f3 Bd6 20. Nb2 b5 21. Bf4 Bxf4 22. gxf4 Ng4 23. Qd2 Ne3+ 24. Kh1 Nxf1 25.
Rxf1 Re6 26. Nd1 Rae8 27. Rf2 c6 28. Rg2 g6 29. Qc2 h5 30. Kg1 Kg7 31. Kf1 Rf6 32.
Nf2 Rxf4 33. Ne4 Rf5 34. Kf2 Rfe5 35. Kf1 Qe6 36. Ke1 Rf5 37. Kd1 Ra8 38. Qb2 Rd5 39. Rg5 a5 40. Rxd5 Qxd5 41. h4 axb4 42. axb4 Ra2 43. Qc1 Qb3+ 44. Ke1 Qxb4+ 45. Kf1 Qb2 46. Qxc6 Qxe2+ 47. Kg1 Qg2# 0-1

[Event "Late-Titled-Tuesday-Blitz-April-16-2024"]
[Site "Chess.com"]
[Date "2024.04.16"]
[Round "4"]
[White "RebecaJimnz"]
[Black "watermelonattackk"]
[Result "0-1"]
[WhiteElo "2258"]
[BlackElo "2479"]
[TimeControl "180+1"]
[EndTime "14:37:45 PDT"]
[Termination "watermelonattackk won by resignation"]

1. e4 e5 2. Nf3 Nc6 3. Bc4 Nf6 4.
d3 Be7 5. c3 d6 6. O-O O-O 7.
h3 Na5 8. Bb5 a6 9. Ba4 b5 10.
Bc2 c5 11. Re1 Nc6 12. Nbd2 h6 13. Nf1 Nh7 14. d4 Qc7 15. Ne3 Ng5 16. Nd5 Nxf3+ 17.
Qxf3 Qd8 18. Nxe7+ Nxe7 19. Qg3 Ng6 20. dxe5 dxe5 21. Be3 c4 22. Rad1 Qf6 23. Rd2 Be6 24. Red1 Rfd8 25. Rxd8+ Rxd8 26. f3 Rxd1+ 27. Bxd1 Qd8 28.
Qe1 Nf4 29. Bc2 Qg5 30. Bxf4 Qxf4 31. a4 g6 32. axb5 axb5 33. Qd1 Kg7 34. Kh1 h5 35. b3 Qg3 36. bxc4 bxc4 37. Ba4 g5 38. Bc6 g4 39. hxg4 hxg4 40. Bd5 gxf3 41. Qxf3 Qxf3 42. gxf3 Bxd5 43. exd5 Kf6 44. Kg2 Ke7 45. f4 Kd6 46. Kf3 Kxd5 47. fxe5 Kxe5 48. Ke3 f6 49. Kf3 f5 50.
Ke3 f4+ 51. Kf3 Kf5 52. Kf2 Ke4 53. Ke2 f3+ 0-1

[Event "Late-Titled-Tuesday-Blitz-April-16-2024"]
[Site "Chess.com"]
[Date "2024.04.16"]
[Round "4"]
[White "SultaiC"]
[Black "rhwr"]
[Result "1-0"]
[WhiteElo "2525"]
[BlackElo "2239"]
[TimeControl "180+1"]
[EndTime "14:37:45 PDT"]
[Termination "SultaiC won on time"]

1. e4 c5 2. Nf3 d6 3. d4 cxd4 4. Nxd4 Nf6 5. Nc3 e5 6. Nf3 Be7 7. Bg5 O-O 8. Bc4 h6 9. Bxf6 Bxf6 10. O-O Be6 11. Bd5 Nc6 12. Qd2 Bg4 13. Bxc6 Bxf3 14.
Bxb7 Rb8 15. Bd5 Bg5 16. Qd3 Bg4 17. h3 Bd7 18. b3 Qf6 19. Bc4 Qg6 20. Nd5 Kh8 21.
Rad1 f5 22. Nc3 Be7 23. Nd5 Bh4 24. g3 Bd8 25. Nc3 Bb6 26. Kh2 f4 27. g4 Bd4 28. f3 Qg5 29. Ne2 Qh4 30. Qd2 Bf2 31. Kg2 Bg3 32. Qxd6 Rbd8 33. Qxe5 Bxg4 34. fxg4 Rxd1 35.
Nxf4 Rd2+ 36. Kg1 Bxf4 37. Qc3 Rh2 38. Rf3 Qg5 39. Be6 Rd2 40. Bf5 1-0

[Event "Late-Titled-Tuesday-Blitz-April-16-2024"]
[Site "Chess.com"]
[Date "2024.04.16"]
[Round "4"]
[White "amanmuhammethommadov"]
[Black "h4parah5"]
[Result "0-1"]
[WhiteElo "2808"]
[BlackElo "3036"]
[TimeControl "180+1"]
[EndTime "14:37:48 PDT"]
[Termination "h4parah5 won by resignation"]

1. e4 c5 2. Nf3 Nc6 3. c3 d5 4. exd5 Qxd5 5. d4 Nf6 6. Be2 e6 7. O-O Be7 8. Be3 cxd4 9. cxd4 O-O 10. Nc3 Qa5 11. a3 Bd7 12. Qb3 Qc7 13. Rac1 Rac8 14. Rfd1 Rfd8 15. h3 Qb8 16. d5 exd5 17. Nxd5 Nxd5 18.
Rxd5 Be6 19. Rxd8+ Rxd8 20. Qa4 h6 21. Qe4 Bf6 22.
b4 a6 23. Rc5 Re8 24. Bd3 g6 25. Bxh6 Bxh3 26. Qc4 Be6 27. Qc2 Nd4 28. Nxd4 Bxd4 29. Rc7 Bb3 30. Qc1 Be5 31. Rc5 Qd6 32. Bf1 Be6 33. Be3 Kg7 34. Qd2 Bh2+ 35. Kh1 Rh8 36. g3 Bxg3+ 37. Kg2 Bh3+ 38. Kg1 Bh2+ 39. Kh1 Bxf1 40. Bd4+ Qxd4 41. Qxd4+ Be5+ 42. Qh4 Rxh4+ 43. Kg1 Bd4 44. Rc4 Bxc4 0-1

[Event "Late-Titled-Tuesday-Blitz-April-16-2024"]
[Site "Chess.com"]
[Date "2024.04.16"]
[Round "4"]
[White "steepedgames"]
[Black "Meri-Arabidze"]
[Result "1-0"]
[WhiteElo "2492"]
[BlackElo "2649"]
[TimeControl "180+1"]
[EndTime "14:37:48 PDT"]
[Termination "steepedgames won by resignation"]

1. d4 Nf6 2. Bg5 d5 3. Nf3 Ne4 4. Bf4 e6 5. e3 Bd6 6. Bd3 O-O 7. O-O c5 8. c3 Bxf4 9. exf4 Nc6 10. dxc5 Nxc5 11.
Bc2 g6 12. Nbd2 b6 13. Ne5 Qc7 14. Re1 Ba6 15. Ndf3 Rad8 16. Nd4 Nxd4 17. Qxd4 Nd7 18. Ng4 h5 19. Nh6+ Kh7 20. Nxf7 Rxf7 21. Rxe6 Rg8 22. g3 Qc4 23. Qd1 Nf6 24. Qf3 Bc8 25. Bd3 Qc5 26. Re5 Bg4 27. Qg2 Qc8 28. Rae1 Kg7 29. f3 Bf5 30.
Bxf5 gxf5 31. Qh3 Qc5+ 32. Kh1 Qf2 33. Qxf5 Qxf3+ 34. Kg1 Qg4 35. Qd3 Kh8 36. Qd4 Kh7 37. Qd3+ Ne4 38. Rxd5 Rxf4 39. Rd4 h4 40. Rdxe4 Rxe4 41. Qxe4+ Qxe4 42. Rxe4 hxg3 43. Rh4+ Kg6 44. Rg4+ Kf7 45.
Rxg8 Kxg8 46. hxg3 Kf7 47. Kg2 1-0

[Event "Late-Titled-Tuesday-Blitz-April-16-2024"]
[Site "Chess.com"]
[Date "2024.04.16"]
[Round "4"]
[White "IMRosen"]
[Black "DirtyKabab"]
[Result "1-0"]
[WhiteElo "2728"]
[BlackElo "2534"]
[TimeControl "180+1"]
[EndTime "14:37:49 PDT"]
[Termination "IMRosen won by checkmate"]

1. d4 Nf6 2. Bf4 e6 3. e3 d5 4. Nf3 c5 5. Nbd2 Nc6 6. c3 cxd4 7. exd4 Nh5 8. Be3 Bd6 9. Ne5 g6 10. g4 Nf6 11. g5 Nh5 12. Ndf3 Qc7 13. Bb5 O-O 14. Bxc6 bxc6 15. Ng4 Rb8 16. Qd2 f5 17. gxf6 Nxf6 18. Nge5 Ne4 19. Qc2 c5 20. h4 cxd4 21. Bxd4 Rf5 22. O-O-O Bxe5 23. Nxe5 Rxe5 24. Bxe5 Qxe5 25.
h5 g5 26. h6 Qf4+ 27. Kb1 Qxf2 28. Qc1 Qf4 29. Qc2 Qe3 30. Ka1 Qf2 31. Qc1 Qf4 32. Qc2 Ba6 33. Rhg1 Rf8 34. Qa4 Be2 35. Rde1 a6 36. Rxe2 Qf1+ 37. Re1 Qd3 38. Qc6 Rf6 39. Qd7 Rg6 40. Qe8# 1-0

[Event "Late-Titled-Tuesday-Blitz-April-16-2024"]
[Site "Chess.com"]
[Date "2024.04.16"]
[Round "4"]
[White "HajiyevKanan"]
[Black "Zhigalko_Sergei"]
[Result "0-1"]
[WhiteElo "2608"]
[BlackElo "2925"]
[TimeControl "180+1"]
[EndTime "14:37:50 PDT"]
[Termination "Zhigalko_Sergei won by checkmate"]

1. d4 Nf6 2. Nf3 e6 3. e3 b6 4. Be2 Bb7 5. O-O d5 6. b3 Bd6 7.
Bb2 O-O 8. Ne5 c5 9. Nd2 Nc6 10. f4 Rc8 11. Bf3 Ne7 12. c3 Ne4 13. Qc2 f6 14.
Ng4 cxd4 15. exd4 Kh8 16. g3 b5 17. Qd3 Qb6 18. Kg2 Ng6 19. Rae1 f5 20. Ne5 Nxe5 21. fxe5 Be7 22. b4 Nxd2 23. Qxd2 Rf7 24. Bh5 g6 25. Be2 Bc6 26. Bd3 Rcf8 27. Bc1 g5 28.
Qe2 Bd7 29. Kh1 a6 30. Qh5 Rg7 31. Qh6 Rg6 32. Qh5 Rg7 33. Qe2 Qc7 34. Bd2 Be8 35.
Ra1 Qc8 36. a4 bxa4 37. Bxa6 Qd8 38. Bb5 Bg6 39. Rxa4 f4 40. gxf4 Be4+ 41. Kg1 gxf4+ 42. Kf2 Bh4# 0-1

[Event "Late-Titled-Tuesday-Blitz-April-16-2024"]
[Site "Chess.com"]
[Date "2024.04.16"]
[Round "4"]
[White "Mikhail_Golubev"]
[Black "Szparu"]
[Result "0-1"]
[WhiteElo "2591"]
[BlackElo "2881"]
[TimeControl "180+1"]
[EndTime "14:37:50 PDT"]
[Termination "Szparu won on time"]

1. e4 e6 2. d4 d5 3. e5 c5 4. c3 Nc6 5. Nf3 Bd7 6. Be2 Nge7 7. Na3 cxd4 8. cxd4 Nf5 9. Nc2 Qb6 10. O-O Na5 11.
Ne3 Nxe3 12. fxe3 Be7 13. b3 Bb5 14. Bd2 Nc6 15. Rc1 Qa6 16. Bxb5 Qxb5 17. Qc2 O-O 18. e4 Rad8 19. exd5 Qxd5 20. Be3 Nb4 21. Qb1 Qd7 22. Rcd1 Nd5 23. Bg5 h6 24. Bxe7 Qxe7 25. Rc1 Rc8 26. Rxc8 Rxc8 27. Rc1 Nc3 28. Rxc3 Rxc3 29. Qe4 Qb4 30.
h3 Qb5 31. Kh2 Qd5 32. Qe2 a6 33. Qd2 Rc8 34. Kg3 a5 35. Kh2 b6 36. Kg3 a4 37.
bxa4 Ra8 38. Qb4 Qxa2 39. Qxb6 Qxa4 40. d5 exd5 41. e6 Qa7 42. Qc6 fxe6 43. Qxe6+ Qf7 44. Qc6 Rf8 45. Kh2 d4 46. Qd6 Qf4+ 47. Qxf4 Rxf4 48. Kg3 g5 49. Kf2 Kf7 50. Ke2 Ke6 51. Kd3 Kd5 0-1

[Event "Late-Titled-Tuesday-Blitz-April-16-2024"]
[Site "Chess.com"]
[Date "2024.04.16"]
[Round "4"]
[White "kripri"]
[Black "MFatigue"]
[Result "0-1"]
[WhiteElo "2403"]
[BlackElo "2557"]
[TimeControl "180+1"]
[EndTime "14:37:50 PDT"]
[Termination "MFatigue won by resignation"]

1. e4 e6 2. d4 d5 3. Nd2 Nf6 4.
e5 Nfd7 5. Bd3 c5 6. c3 Nc6 7.
Ne2 cxd4 8. cxd4 f6 9. exf6 Nxf6 10. Nf3 Bd6 11. O-O Qc7 12. h3 O-O 13. Be3 Bd7 14. Re1 Be8 15. Rc1 Bh5 16. Nc3 a6 17. Be2 Rae8 18. Qc2 Bf4 19. Qd2 Nd7 20. g4 Bg6 21. h4 Bxe3 22. Qxe3 Qf4 23. g5 Bh5 24. Qxf4 Rxf4 25.
Kg2 Bxf3+ 26. Bxf3 Nxd4 27. Bxd5 Rxh4 28. Rcd1 Kf8 29.
Be4 e5 30. Bxb7 Nc5 31. Bd5 Rg4+ 32. Kh3 Rxg5 33. f4 Rh5+ 34. Kg4 g6 35. fxe5 Nf5 36. Kf3 Rh3+ 37. Kg2 Rg3+ 38. Kf2 Kg7 39. e6 Nd3+ 40.
Rxd3 Rxd3 41. Bc4 Rd4 42. Bb3 Rd2+ 43. Re2 Rxe2+ 44. Kxe2 Nd4+ 45. Kd3 Nxb3 46. axb3 Rxe6 47. Kc4 h5 48. Kb4 h4 49. Nd5 h3 50. Nf4 Re4+ 51.
Kc5 Rxf4 0-1

[Event "Late-Titled-Tuesday-Blitz-April-16-2024"]
[Site "Chess.com"]
[Date "2024.04.16"]
[Round "4"]
[White "PotapovaM"]
[Black "AEMEffi"]
[Result "1-0"]
[WhiteElo "2542"]
[BlackElo "2281"]
[TimeControl "180+1"]
[EndTime "14:37:50 PDT"]
[Termination "PotapovaM won on time"]

1. d4 Nf6 2. c4 g6 3. Nc3 d5 4. cxd5 Nxd5 5. h4 Nxc3 6. bxc3 c5 7. Nf3 cxd4 8. cxd4 Bg7 9. h5 Nc6 10.
h6 Bf6 11. Bb2 Qa5+ 12. Qd2 Qxd2+ 13. Kxd2 Bg4 14. e3 Rd8 15. Nh2 Bc8 16. f4 O-O 17. Nf3 Bf5 18. Rc1 e6 19. Bd3 Be7 20. e4 Bg4 21.
Nh2 f5 22. Nxg4 fxg4 23. Ke3 e5 24. Bc4+ Kh8 25. dxe5 Bc5+ 26. Ke2 Nd4+ 27. Bxd4 Rxd4 28. Bd5 b6 29. g3 Rb4 30. Rb1 Ra4 31. e6 g5 32. f5 Be7 33. Rhc1 Ra3 34. Bb3 Rd8 35. Rc7 Bf6 36. Rd7 Rc8 37. e7 Ra5 38. Re1 Re5 39. Be6 1-0

[Event "Late-Titled-Tuesday-Blitz-April-16-2024"]
[Site "Chess.com"]
[Date "2024.04.16"]
[Round "4"]
[White "ArchibaldCerveza29"]
[Black "venturov"]
[Result "1-0"]
[WhiteElo "2355"]
[BlackElo "2502"]
[TimeControl "180+1"]
[EndTime "14:37:50 PDT"]
[Termination "ArchibaldCerveza29 won by checkmate"]

1. e4 Nf6 2. e5 Nd5 3. Nc3 e6 4. Nf3 d6 5. d4 c5 6. exd6 Bxd6 7. Nxd5 exd5 8. dxc5 Bxc5 9. Bd3 O-O 10. O-O h6 11. h3 Nc6 12. c3 Be6 13. Bf4 d4 14. b4 Bb6 15. b5 Ne7 16. Nxd4 Nd5 17.
Bd2 Qf6 18. Nxe6 fxe6 19. Qe1 Rad8 20. Be4 Kh8 21. c4 Nf4 22. Bxf4 Qxf4 23. Bxb7 Qxc4 24. Bc6 Rf6 25. Qe4 Qc5 26. Rac1 Qg5 27. Rc3 Rdf8 28.
Rc2 Qg3 29. Qe1 Rg6 30. a4 a5 31. bxa6 e5 32. Be4 Rg5 33. Rc3 Qf4 34. Rf3 Qxf3 35.
Bxf3 Rxf3 36. Qe4 Rfg3 37. Kh1 Rxg2 38. Qxg2 Rxg2 39. Kxg2 Kh7 40. Rb1 Kg6 41. Rxb6+ Kf5 42. a7 g5 43. a8=Q Kf4 44. Qf3# 1-0

[Event "Late-Titled-Tuesday-Blitz-April-16-2024"]
[Site "Chess.com"]
[Date "2024.04.16"]
[Round "4"]
[White "artin10862"]
[Black "FontVella8"]
[Result "1-0"]
[WhiteElo "2939"]
[BlackElo "2750"]
[TimeControl "180+1"]
[EndTime "14:37:52 PDT"]
[Termination "artin10862 won by checkmate"]

1. e4 c6 2. d4 d5 3. f3 dxe4 4.
fxe4 e5 5. Nf3 Be6 6. Nc3 Nd7 7. Bd3 Ngf6 8. Be3 Be7 9. h3 Qa5 10. O-O Rd8 11. Ne2 O-O 12. c3 h6 13. Ng3 Qc7 14.
Qe1 Bd6 15. Ne2 Rfe8 16. Nh4 Bf8 17. Ng3 b5 18. Ngf5 exd4 19. cxd4 Bxf5 20. Nxf5 Nxe4 21. Bf4 Nd6 22. Qd2 Nf6 23. Be5 Rxe5 24. dxe5 Nc4 25. Qf4 Qxe5 26. Bxc4 Qc5+ 27. Kh1 bxc4 28. Nxh6+ gxh6 29.
Qxf6 Rd7 30. Qf3 Bg7 31. Rad1 Re7 32. Qg4 Kh7 33. Rc1 c3 34. bxc3 Qg5 35. Qf3 Kg6 36.
Qxc6+ Re6 37. Qf3 Be5 38. Qxf7# 1-0

[Event "Late-Titled-Tuesday-Blitz-April-16-2024"]
[Site "Chess.com"]
[Date "2024.04.16"]
[Round "4"]
[White "GianmarcoVaR"]
[Black "Fandorine"]
[Result "0-1"]
[WhiteElo "2742"]
[BlackElo "2911"]
[TimeControl "180+1"]
[EndTime "14:37:54 PDT"]
[Termination "Fandorine won by resignation"]

1. e4 c5 2. Nf3 e6 3. g3 Nc6 4.
Bg2 Nf6 5. Qe2 e5 6. O-O Be7 7. d3 d6 8. Bg5 Nd7 9. Bxe7 Qxe7 10. Nc3 Nf6 11. Nd2 h5 12. h3 h4 13. g4 Nd4 14.
Qd1 Ne6 15. Ne2 g5 16. c3 Nf4 17. Nxf4 gxf4 18. d4 b6 19. Bf3 Be6 20. Kg2 Nh7 21.
a4 Ng5 22. a5 O-O 23. Qe2 b5 24. d5 Bd7 25. b3 a6 26. Kh2 Qf6 27. Rg1 Qg6 28. Rgf1 Kg7 29. Rg1 Kf6 30. Rgf1 Ke7 31. Rg1 Rg8 32. Rac1 Rg7 33. Rb1 Rag8 34. b4 c4 35. Rg2 f5 36. Kh1 Nxf3 37. Nxf3 fxg4 38. hxg4 h3 39. Rgg1 Bxg4 40. Kh2 Bxf3 41. Qxf3 Qxg1+ 42. Rxg1 Rxg1 43. Qh5 R8g2+ 0-1

[Event "Late-Titled-Tuesday-Blitz-April-16-2024"]
[Site "Chess.com"]
[Date "2024.04.16"]
[Round "4"]
[White "laziestwin"]
[Black "KNVB"]
[Result "0-1"]
[WhiteElo "2556"]
[BlackElo "2789"]
[TimeControl "180+1"]
[EndTime "14:37:54 PDT"]
[Termination "KNVB won by resignation"]

1. e4 e5 2. Nf3 Nc6 3. Bb5 Qf6 4. O-O Bc5 5. c3 Nge7 6. d4 exd4 7. Bg5 Qg6 8. Bxe7 Nxe7 9. cxd4 Bb6 10. Nc3 O-O 11.
Bd3 d6 12. a4 Bg4 13. Be2 a5 14. h3 Bxh3 15. Ne1 Bd7 16. Nc2 Rae8 17. Ne3 Bc6 18.
Bf3 Qf6 19. d5 Bd7 20. Nc4 Ng6 21. Nxb6 cxb6 22. g3 Qg5 23. Bg2 h5 24. Qc1 Qf6 25. Qe3 h4 26. Qxb6 hxg3 27. fxg3 Qg5 28. Qf2 Ne5 29.
Rad1 Ng4 30. Qf4 Qh5 31. Rfe1 Qh2+ 32. Kf1 Ne5 33. Ne2 f5 34. Rc1 fxe4 35. Rc7 Rxf4+ 36. Nxf4 Qxg3 37. Rxe4 Rf8 38. Rxe5 Qxf4+ 39. Kg1 Qf2+ 40. Kh2 Qf4+ 41. Kg1 Qxe5 42. Rxd7 Qe1+ 43. Kh2 Qh4+ 44. Kg1 Qf2+ 45. Kh2 Rf4 0-1

[Event "Late-Titled-Tuesday-Blitz-April-16-2024"]
[Site "Chess.com"]
[Date "2024.04.16"]
[Round "4"]
[White "Binary010"]
[Black "Mackster23"]
[Result "0-1"]
[WhiteElo "2774"]
[BlackElo "2578"]
[TimeControl "180+1"]
[EndTime "14:37:55 PDT"]
[Termination "Mackster23 won on time"]

1. e4 c6 2. d4 d5 3. e5 c5 4. Nf3 cxd4 5. Qxd4 Nc6 6. Qf4 g6 7. Nc3 Bh6 8. Qa4 Bg7 9. Bb5 e6 10. Bxc6+ bxc6 11. Qxc6+ Bd7 12. Qa6 Ne7 13. O-O O-O 14. Bg5 h6 15. Bf4 Nc6 16. Qe2 Rb8 17. b3 g5 18. Bg3 Qa5 19. Na4 Ne7 20. Nb2 Qc3 21. Nd3 Rfc8 22. Rac1 Bb5 23. h4 g4 24. Nfe1 h5 25. Qe3 Nf5 26. Qg5 Qd4 27. Kh2 Kf8 28. Qxh5 Bh6 29. Rd1 Qe4 30. f3 gxf3 31. Qxf3 Qxf3 32.
Rxf3 Ne3 33. Rd2 Ng4+ 34. Kh3 Bxd2 35. Kxg4 Bxd3 36. Nxd3 Rxc2 37. Rf2 Rbc8 38. h5 Bh6 39. Bh4 Rxf2 40. Nxf2 Rc2 41. a4 d4 42. Ne4 d3 0-1

[Event "Late-Titled-Tuesday-Blitz-April-16-2024"]
[Site "Chess.com"]
[Date "2024.04.16"]
[Round "4"]
[White "TanitoluwaAps116"]
[Black "Msb2"]
[Result "0-1"]
[WhiteElo "2798"]
[BlackElo "3020"]
[TimeControl "180+1"]
[EndTime "14:37:57 PDT"]
[Termination "Msb2 won by resignation"]

1. e4 e6 2. d4 d5 3. exd5 exd5 4.
Nf3 Nc6 5. Nc3 a6 6. Bd3 Nb4 7. O-O Bd6 8. Re1+ Ne7 9. Bg5 f6 10. Bh4 O-O 11. Bf1 Bf5 12. Rc1 Bf4 13. Nd2 Nbc6 14.
Ne2 Bh6 15. Bg3 Bg4 16. f3 Bh5 17. Bf4 Bxf4 18. Nxf4 Bf7 19. c3 Qd6 20. g3 Rae8 21.
Nb3 g5 22. Ng2 a5 23. Bd3 Bg6 24. Nc5 b6 25. Re6 Qd8 26. Bxg6 hxg6 27. Nd3 Qd7 28. Qe2 Nf5 29. Re1 Nd6 30. h4 Nd8 31. Rxe8 Rxe8 32. Qf2 N8f7 33. hxg5 Nxg5 34. Kf1 Qb5 35. Rxe8+ Nxe8 36.
Qe2 Nd6 37. Ngf4 Kf7 38. Kf2 Qc6 39. g4 Nc4 40. b3 Nd6 41. Qe5 Qxc3 42. Qxd5+ Kg7 43. Ne1 Qd2+ 44. Ne2 Nh3+ 45. Kf1 Qxe2+ 46. Kxe2 Nf4+ 47. Ke3 Nxd5+ 0-1

[Event "Late-Titled-Tuesday-Blitz-April-16-2024"]
[Site "Chess.com"]
[Date "2024.04.16"]
[Round "4"]
[White "ShahxaibKhan"]
[Black "martinmena"]
[Result "1-0"]
[WhiteElo "2456"]
[BlackElo "2181"]
[TimeControl "180+1"]
[EndTime "14:37:57 PDT"]
[Termination "ShahxaibKhan won by checkmate"]

1. e4 c6 2. d4 d5 3. exd5 cxd5 4.
c4 Nf6 5. Nc3 g6 6. Qb3 Bg7 7.
cxd5 O-O 8. Be2 Na6 9. Bxa6 bxa6 10. Bf4 Nh5 11. Be5 Bxe5 12. dxe5 Nf4 13. Kf1 Bf5 14. Nge2 Bd3 15. Rd1 Rb8 16. Qa3 Qb6 17. g3 Bxe2+ 18.
Nxe2 Nxe2 19. Kxe2 Qxb2+ 20. Qxb2 Rxb2+ 21. Rd2 Rxd2+ 22. Kxd2 Rd8 23. f4 Rxd5+ 24. Kc3 Rc5+ 25. Kb3 Rb5+ 26. Kc3 e6 27. Rd1 Rc5+ 28. Kb4 Rc2 29. a4 Rxh2 30. Rd6 Rg2 31. Rd3 Rc2 32. Ka5 Rc6 33. Rd7 h6 34. Rxa7 g5 35. Rxa6 Rc5+ 36.
Kb4 Rd5 37. Rd6 Rxd6 38. exd6 Kf8 39. a5 gxf4 40. gxf4 h5 41. a6 h4 42. a7 h3 43. a8=Q+ Kg7 44. d7 h2 45. d8=Q h1=Q 46.
Qf8+ Kg6 47. Qg8+ Kf5 48. Qg5# 1-0

[Event "Late-Titled-Tuesday-Blitz-April-16-2024"]
[Site "Chess.com"]
[Date "2024.04.16"]
[Round "4"]
[White "ural58"]
[Black "Vladimir_2020"]
[Result "0-1"]
[WhiteElo "2506"]
[BlackElo "2758"]
[TimeControl "180+1"]
[EndTime "14:38:00 PDT"]
[Termination "Vladimir_2020 won on time"]

1. e4 e5 2. Nf3 Nc6 3. Bc4 Bc5 4. b4 Bxb4 5. c3 Be7 6. d4 Na5 7. Be2 d6 8. Qa4+ c6 9. dxe5 dxe5 10. Nxe5 Nf6 11. Bf4 O-O 12. Nd2 Be6 13. O-O b5 14. Qc2 Qc8 15. a4 a6 16. c4 b4 17. c5 Nb7 18. Be3 Nd7 19. Nd3 a5 20. f4 f6 21.
Rac1 Qc7 22. Bf3 Kh8 23. Qd1 Rad8 24. Qe2 Nb8 25. Nc4 Na6 26. Ncb2 Rd7 27. f5 Bf7 28. e5 fxe5 29. Bf2 Bf6 30. Rfe1 Re7 31. Be4 Nb8 32. g4 Bg5 33. Nc4 Bxc1 34. Rxc1 Nd7 35. Nb6 Nf6 36. g5 Nxe4 37. Qxe4 Bd5 38. Nxd5 cxd5 39. Qxd5 Rxf5 40. Bg3 Nd8 41. c6 Rxg5 42. Rc5 h5 43. Rxa5 h4 44.
Ra8 Re8 45. Nxe5 Rexe5 46. Rxd8+ Kh7 47. Qg8+ Kg6 48. Rd7 Rxg3+ 49. hxg3 Re1+ 0-1

[Event "Late-Titled-Tuesday-Blitz-April-16-2024"]
[Site "Chess.com"]
[Date "2024.04.16"]
[Round "4"]
[White "MarceloPlaya"]
[Black "Narek_Ghimoyan"]
[Result "1-0"]
[WhiteElo "2346"]
[BlackElo "2487"]
[TimeControl "180+1"]
[EndTime "14:38:00 PDT"]
[Termination "MarceloPlaya won by resignation"]

1. e4 e6 2. d4 d5 3. Nc3 Nf6 4. Bd3 c5 5. Nf3 Nc6 6. exd5 Nxd5 7. Nxd5 Qxd5 8. dxc5 Qxc5 9. O-O Be7 10. Be3 Qa5 11.
c3 O-O 12. Qc2 h6 13. Nd4 Nxd4 14. Bxd4 Bc5 15. b4 Qc7 16. Bxc5 Rd8 17. Rad1 b6 18.
Be3 Bb7 19. Be4 Bxe4 20. Qxe4 Qxc3 21. h3 Rac8 22. Rxd8+ Rxd8 23. Qb7 Qxb4 24. Qxa7 b5 25.
Qc5 Qa4 26. a3 Ra8 27. Rb1 Qxa3 28. Qxa3 Rxa3 29. Rxb5 Kh7 30. g4 Kg6 31. Kg2 Rd3 32. Rb7 f5 33. gxf5+ exf5 34. Bf4 Kf6 35. Rb6+ Kf7 36.
Be5 Rd7 37. Kg3 Rd3+ 38. f3 Rd7 39. Kf4 Ra7 40. Kxf5 Re7 41. f4 Ra7 42. Rc6 Ra3 43. h4 Rh3 44. Rc7+ Ke8 45. Kg4 Rh1 46. Rxg7 Kf8 47.
Rb7 Kg8 48. f5 Re1 49. Bf6 Rf1 50. Rg7+ Kh8 51. Re7+ Kg8 52. Be5 Kf8 53. f6 Rg1+ 54. Kf5 Rf1+ 55. Ke6 Rg1 56. Rh7 Rg8 57. Rxh6 Rg1 58. Rh8+ Rg8 59. Bd6+ 1-0